 Dungeon Crawl Stone Soup version 0.30.1-4-g462c640d31 (webtiles) character file.

Game seed: 7145777635623233730

1012 Mune the Destroyer (level 8, -3/41 HPs)
             Began as a Gargoyle Fire Elementalist on Aug 13, 2023.
             Was an Initiate of Sif Muna.
             Slain by Edmund
             ... wielding a +3 flail of protection
              (11 damage)
             ... on level 4 of the Dungeon.
             The game lasted 00:13:58 (7756 turns).

Mune the Destroyer (Gargoyle Fire Elementalist)     Turns: 7756, Time: 00:13:59

Health: -3/41      AC: 13    Str: 12    XL:     8   Next: 21%
Magic:  0/11       EV: 13    Int: 18    God:    Sif Muna [......]
Gold:   180        SH:  0    Dex: 10    Spells: 4/11 levels left

rFire   . . .        q - staff of cold
rCold   + . .        (no shield)
rNeg    + . .        a - +0 robe
rPois   ∞            (helmet restricted)
rElec   +            e - +2 cloak
rCorr   +            o - +2 pair of gloves
SInv    .            (no boots)
Will    +....        (no amulet)
Stlth   ++           j - ring of resist corrosion
HPRegen 0.26/turn    (no ring)
MPRegen 0.12/turn

%: no passive effects
@: no status effects
A: sickness immunity, AC +5, negative energy resistance 1, electricity
resistance, torment resistance 1, petrification resistance, antennae 1, hooves
1, strong-willed 1
a: Renounce Religion


You were on level 4 of the Dungeon.
You worshipped Sif Muna.
Sif Muna was noncommittal.
You visited 1 branch of the dungeon, and saw 5 of its levels.

You collected 180 gold pieces.

Inventory:

Armour
 a - a +0 robe (worn)
 e - a +2 cloak (worn)
 o - a +2 pair of gloves (worn)
Magical Staves
 q - a staff of cold (weapon)
Jewellery
 j - a ring of resist corrosion (left hand)
 r - a ring of ice
 v - an amulet of regeneration
Wands
 f - a wand of polymorph (4)
 u - a wand of paralysis (2)
Scrolls
 b - a scroll of brand weapon {unknown}
 g - 2 scrolls of noise
 i - a scroll of vulnerability {unknown}
 k - a scroll of teleportation
 n - a scroll of fog {unknown}
Potions
 c - 3 potions of attraction
 d - a potion of heal wounds
 p - a potion of degeneration


   Skills:
 + Level 4.5 Dodging
 - Level 2.5 Stealth
 - Level 2.2 Spellcasting
 * Level 8.1 Conjurations
 - Level 3.1 Fire Magic


You had 4 spell levels left.
You knew the following spells:

 Your Spells              Type           Power      Damage    Failure   Level
a - Foxfire               Conj/Fire      88%        2x1d8     1%          1
b - Scorch                Fire           26%        2d6       8%          2
c - Flame Wave            Conj/Fire      22%        2d8       17%         4

Your spell library contained the following spells:

 Spells                   Type           Power      Damage    Failure   Level
 Necrotise                Necr           4%         1d4       19%         1
 Sting                    Tmut/Pois      4%         1d3       19%         1
 Poisonous Vapours        Pois/Air       2%         N/A       26%         2
 Inner Flame              Hex/Fire       7%         N/A       28%         3
 Volatile Blastmotes      Fire/Tloc      14%        2d11      28%         3
 Vampiric Draining        Necr           1%         2d6       47%         3
 Olgreb's Toxic Radiance  Pois           1%         N/A       87%         4
 Agony                    Necr           1%         N/A       99%         5


Dungeon Overview and Level Annotations

Branches:
Dungeon (5/15)
 Temple: D:4-7

Altars:
Cheibriados
Dithmenos
Elyvilon
Fedhas
Gozag
Ru
Sif Muna
Trog
Uskayaw
Zin
The Shining One

Shops:
D:4 **   D:5 [

Annotations:
D:4 Edmund


Innate Abilities, Weirdness & Mutations

You are immune to sickness and miasma.
Your stone body is resilient. (AC +5)
You are immune to poison.
You resist negative energy. (rN+)
You are resistant to electric shocks. (rElec)
You are resistant to unholy torment.
You are immune to petrification.
You have a pair of small antennae on your head.
You have large cloven feet.
You are strong-willed. (Will+)


Message History

You conjure some foxfire!
Edmund hits you but does no damage.
You hit Edmund but do no damage.
Edmund is lightly wounded.
The foxfire hits Edmund but does no damage.
Edmund is lightly wounded.
The foxfire hits Edmund but does no damage.
Edmund is lightly wounded.
Edmund hits you with a +3 flail of protection. x2
It was a potion of mutation.
You feel extremely strange.
Your feet thicken and deform.
A pair of antennae grows on your head!
You feel strong-willed. Edmund closely misses you.
You hit Edmund. You kick Edmund, but do no damage.
Edmund is moderately wounded.
Edmund hits you but does no damage.
You barely miss Edmund. Your kick misses Edmund.
Edmund is moderately wounded.
Edmund hits you with a +3 flail of protection.
You hit Edmund but do no damage. You kick Edmund, but do no damage.
Edmund is moderately wounded.
Edmund barely misses you.
You barely miss Edmund. You kick Edmund, but do no damage.
Edmund is moderately wounded.
Edmund hits you with a +3 flail of protection!
Casting: Foxfire (safe; 1% risk of failure)
Confirm with . or Enter, or press ? or * to list all spells.
Okay, then.
You feel much better.
Edmund hits you with a +3 flail of protection!
Casting: Foxfire (safe; 1% risk of failure)
Confirm with . or Enter, or press ? or * to list all spells.
Flames lash Edmund but do no damage.
Edmund hits you with a +3 flail of protection!
Edmund attacks as you move away!
Edmund hits you with a +3 flail of protection!
* * * LOW HITPOINT WARNING * * *
Edmund hits you but does no damage. Edmund attacks as you move away!
Edmund hits you with a +3 flail of protection!
You die...

#
#.##.##.........#.######
# #........#####.....# #
####.###.# ##.#..# #
#.###.## ###..# #
#####.##...#### #..# #
#.............# #..#
#### #.###.##...##>#
#..# ...#####.#
#∩###@###.# #..#
##.##....# #.#
#@###.####..# #.##.####
#.###.#..(......# #.##.#
#.......#.####.## #.##.#
#####.###.## #.# #.##.#
#......# #.# #.##.#
###########..###.#
#.##.#
#................#
##.##.#
#.#######....#####
...#..####.#........#.#


You could see Edmund.

Vanquished Creatures
  2 water moccasins (D:5)
  Duvessa (D:4)
  An ogre (D:4)
  2 phantoms (D:5)
  Dowan (D:4)
  2 howler monkeys (D:5)
  A hound (D:4)
  Crazy Yiuf (D:5)
  A jelly (D:5)
  A sleepcap (D:4)
  3 orc wizards
  An iguana (D:5)
  3 adders
  A worm (D:5)
  2 dart slugs
  13 orcs
  7 ball pythons
  5 endoplasms
  A giant cockroach (D:4)
  4 goblins
  5 hobgoblins
  7 jackals
  4 quokkas
  4 bats (D:2)
  3 frilled lizards
  9 kobolds
  5 rats
90 creatures vanquished.

Vanquished Creatures (collateral kills)
  4 foxfires (D:1)
4 creatures vanquished.

Vanquished Creatures (others)
  547 foxfires
547 creatures vanquished.

Grand Total: 641 creatures vanquished

Notes
Turn   | Place    | Note
-------+----------+-------------------------------------------
     0 | D:1      | Mune the Gargoyle Fire Elementalist began the quest for the
                  | Orb.
     0 | D:1      | Reached XP level 1. HP: 10/10 MP: 3/3
   300 | D:1      | Reached XP level 2. HP: 15/15 MP: 0/5
  1532 | D:2      | Reached XP level 3. HP: 19/19 MP: 0/6
  1648 | D:2      | Reached skill level 2 in Conjurations
  2078 | D:2      | Found a bloodstained altar of Trog.
  2280 | D:2      | Learned a level 2 spell: Scorch
  2625 | D:3      | Reached XP level 4. HP: 23/24 MP: 4/7
  2946 | D:3      | Found a large runed translucent door.
  2965 | D:3      | Reached skill level 3 in Conjurations
  3374 | D:3      | Found a glowing silver altar of Zin.
  3377 | D:3      | Found a shimmering blue altar of Sif Muna.
  3419 | D:3      | Found a hide-covered altar of Uskayaw.
  3421 | D:3      | Became a worshipper of Sif Muna the Loreminder
  3483 | D:3      | Found an opulent altar of Gozag.
  3485 | D:3      | Found a blossoming altar of Fedhas.
  3490 | D:3      | Found a white marble altar of Elyvilon.
  3568 | D:3      | Found a large runed translucent door.
  3593 | D:3      | You fall into a shaft and drop 1 floor!
  3657 | D:4      | Found Qyoj's General Store.
  3700 | D:4      | Reached XP level 5. HP: 28/28 MP: 4/8
  3904 | D:4      | Noticed an ogre
  3910 | D:4      | Killed an ogre
  3911 | D:4      | Reached skill level 4 in Conjurations
  4000 | D:4      | Found a shadowy altar of Dithmenos.
  4331 | D:4      | Reached skill level 5 in Conjurations
  4331 | D:4      | Reached XP level 6. HP: 30/32 MP: 1/9
  4602 | D:4      | Noticed Dowan
  4605 | D:4      | Noticed Duvessa
  4706 | D:3      | Learned a level 4 spell: Flame Wave
  5445 | D:3      | Found a snail-covered altar of Cheibriados.
  5484 | D:3      | Found a sacrificial altar of Ru.
  5782 | D:4      | Killed Dowan
  5790 | D:4      | Killed Duvessa
  5791 | D:4      | Reached skill level 6 in Conjurations
  5791 | D:4      | Reached XP level 7. HP: 26/36 MP: 0/10
  5888 | D:4      | Found Zufro's Gadget Gallery.
  5917 | D:4      | Found a glowing golden altar of the Shining One.
  6034 | D:5      | Entered Level 5 of the Dungeon
  6045 | D:5      | Noticed Edmund
  6213 | D:5      | Found Hatemoxt's Antique Armour Boutique.
  6459 | D:5      | Reached skill level 7 in Conjurations
  6687 | D:5      | Reached XP level 8. HP: 41/41 MP: 3/11
  7197 | D:5      | Reached skill level 8 in Conjurations
  7274 | D:5      | Found a runed translucent door.
  7275 | D:5      | Noticed Crazy Yiuf
  7437 | D:5      | Killed Crazy Yiuf
  7746 | D:4      | Gained mutation: You have large cloven feet. [potion of
                  | mutation]
  7746 | D:4      | Gained mutation: You have a pair of small antennae on your
                  | head. [potion of mutation]
  7746 | D:4      | Gained mutation: You are strong-willed. (Will+) [potion of
                  | mutation]
  7756 | D:4      | Slain by Edmund

Illustrated notes

Levels and vault maps discovered:
D:1:      eino_arrival_water_star, layout_basic, serial_forest,
          infiniplex_forest_clump_tiny, infiniplex_forest_lined_2,
          infiniplex_forest_straight_2, infiniplex_forest_pool,
          infiniplex_forest_end_3, infiniplex_forest_lined_4_way,
          infiniplex_forest_clump_curved, infiniplex_forest_lined_corner,
          nrook_uturn, minmay_misc_feat_columns
D:2:      layout_basic, basic_altar, kennysheep_generic_room_14
D:3:      layout_basic, nicolae_overflow_hallway_of_the_gods,
          jmf_multi_god_temple2, serial_curves, eino_curves_01, eino_curves_01,
          nrook_mini_backslash
D:4:      layout_loops_ring, tso_altar, mainiacjoe_overflow_catwalk,
          serial_shops, shop, grunt_decor_arrowhead,
          chequers_serial_rivers_micro_d, minmay_misc_feat_hallway,
          nicolae_shop_gadgets, uniq_duvessa
D:5:      layout_loops_ring, serial_shops, nicolae_shop_hallway_plus,
          uniq_crazy_yiuf_cottage, uniq_edmund

Skill      XL: |  1  2  3  4  5  6  7  8 |
---------------+-------------------------+-----
Conjurations   | 2 3 5 6 7 8 |  8.1
Dodging        | 2 3 4 |  4.5
Stealth        | |  2.5
Spellcasting   | |  2.2
Fire Magic     | |  3.1

Action                     |  1- 3 |  4- 6 |  7- 9 || total
---------------------------+-------+-------+-------++-------
  Melee: Unarmed           |    36 |       |     6 ||    42
         Dagger            |     2 |       |       ||     2
         Short sword       |       |    12 |       ||    12
         Staff             |       |     9 |    24 ||    33
         Kick              |       |       |     3 ||     3
   Cast: Foxfire           |   117 |   137 |    96 ||   350
         Scorch            |       |     7 |     4 ||    11
    Use: Potion            |       |     3 |     7 ||    10
         Scroll            |       |       |     9 ||     9
 Armour: Robe              |    39 |    22 |    25 ||    86
  Dodge: Dodged            |    59 |    31 |    28 ||   118
